Map: Kairos Junction LE

Players

GOStephano (Stephano)

  • Race: Zerg Zerg
  • Spawn Location: 5:00

Denver

  • Race: Zerg Zerg
  • League: Grandmaster
  • Spawn Location: 11:00

Lambo

  • Race: Zerg Zerg

DnS (Elazer)

  • Race: Zerg Zerg
  • League: Master

Reynor (DnS)

  • Race: Terran Terran
  • League: Master

soul (Reynor)

  • Race: Terran Terran
  • League: Master

sweetpsycho (souL)

  • Race: Terran Terran
  • League: Grandmaster

Harstem

  • Race: Terran Terran
  • League: Grandmaster

Elazer (Harstem)

  • Race: Terran Terran

VOD

Have the link to the VOD?

Description

Time

  • Played on: Dec. 3, 2018, 12:02 p.m.
  • Length: 23:07
Show
View Real Time Build Order
Export as new Build Order

GOStephano Zerg 

Build Orders: Hatch First 

Get SALT Encoding   

  12  0:00  Drone  
  13  0:11  Overlord  
  13  0:17  Drone  
  14  0:30  Drone x2  
  16  0:47  Hatchery  
  15  0:51  Drone  
  15  0:54  Drone  
  17  0:57  Drone  
  18  1:08  Extractor  
  17  1:13  Spawning Pool  
  17  1:16  Drone  
  17  1:19  Drone  
  18  1:28  Drone  
  19  1:39  Drone  
  20  1:49  Overlord  
  20  2:00  Queen x2  
  20  2:01  Zergling x4  
  26  2:08  Metabolic Boost  
  26  2:11  Drone  
  26  2:12  Drone  
  28  2:20  Drone  
  28  2:21  Drone  
  30  2:35  Hatchery  
  28  2:41  Drone  
  29  2:44  Queen  
  29  2:48  Drone  
  32  2:52  Overlord  
  32  3:00  Drone x3  
  35  3:09  Drone  
  35  3:10  Drone x2  
  35  3:11  Drone  
  39  3:13  Overlord  
  39  3:19  Drone x2  
  41  3:23  Queen  
  43  3:27  Zergling x2  
  43  3:32  Zergling x2  
  45  3:34  Queen  
  45  3:37  Zergling x2  
  48  3:42  Zergling x4  
  48  3:44  Zergling x2  
  48  3:45  Overlord  
  48  3:47  Drone x2  
  53  3:56  Zergling x4  
  53  3:57  Drone, Overlord  
  53  4:02  Queen  
  58  4:04  Drone x2  
  58  4:09  Queen  
  61  4:16  Lair  
  61  4:17  Drone x2  
  61  4:19  Baneling Nest  
  61  4:21  Drone  
  63  4:28  Spore Crawler  
  63  4:29  Spore Crawler, Drone  
  63  4:30  Drone x2  
  64  4:34  Drone x2  
  64  4:36  Overlord  
  66  4:39  Spore Crawler  
  66  4:42  Drone  
  66  4:50  Evolution Chamber  
  66  4:52  Drone  
  66  4:55  Zergling x4  
  69  5:02  Drone x3, Evolution Chamber  
  69  5:03  Drone x3, Evolution Chamber  
  69  5:04  Drone  
  74  5:11  Extractor  
  74  5:12  Overlord  
  74  5:13  Overlord, Extractor  
  72  5:19  Overlord  
  72  5:26  Drone x2  
  74  5:33  Drone x3  
  74  5:35  Overseer, Overlord  
  75  5:36  Spore Crawler  
  75  5:38  Drone x3  
  75  5:42  Drone x2  
  79  5:43  Spore Crawler  
  79  5:44  Drone x2  
  79  5:48  Spore Crawler, Hatchery  
  79  5:49  Overseer  
  79  5:54  Drone x4  
  81  5:57  Evolution Chamber  
  81  5:58  Evolution Chamber  
  81  6:00  Drone x6  
  88  6:06  Drone x2, Extractor  
  88  6:07  Drone, Hydralisk Den  
  89  6:12  Drone  
  89  6:13  Zerg Missile Weapons Level 1, Extractor x2  
  89  6:16  Drone  
  89  6:22  Zerg Ground Armor Level 1  
  90  6:25  Drone x3  
  90  6:26  Drone x3  
  90  6:28  Zergling x6  
  90  6:32  Overseer  
  98  6:33  Overlord  
  98  6:38  Grooved Spines  
  98  6:39  Overlord x2  
  98  6:46  Overlord  
  98  6:47  Infestation Pit  
  98  6:48  Queen  
  98  6:51  Hydralisk x3  
  98  6:53  Hydralisk  
  104  6:55  Baneling  
  104  6:56  Baneling x3  
  104  6:57  Hydralisk x2  
  110  7:05  Hydralisk x2  
  110  7:06  Zergling x6  
  114  7:09  Hydralisk  
  114  7:11  Extractor  
  114  7:13  Hydralisk x2  
  114  7:15  Zergling x6  
  119  7:20  Drone x2  
  119  7:22  Drone x2  
  122  7:25  Queen  
  122  7:29  Roach Warren  
  123  7:30  Hydralisk x2  
  123  7:36  Drone x2  
  127  7:38  Hydralisk  
  127  7:39  Zergling x6  
  127  7:43  Drone x5  
  133  7:52  Hive  
  133  7:56  Overlord  
  133  7:57  Extractor  
  133  7:58  Overlord  
  134  8:00  Overlord  
  134  8:01  Spore Crawler, Pneumatized Carapace  
  131  8:07  Overlord  
  131  8:08  Glial Reconstitution  
  131  8:10  Overlord x3  
  128  8:14  Roach  
  128  8:15  Roach x3  
  128  8:16  Baneling x2  
  128  8:18  Roach x2  
  128  8:19  Roach  
  139  8:22  Roach x2  
  139  8:24  Roach  
  139  8:26  Zerg Missile Weapons Level 2  
  145  8:28  Roach  
  145  8:29  Roach  
  145  8:33  Spore Crawler, Roach  
  146  8:34  Infestor  
  146  8:38  Drone x3  
  146  8:39  Roach  
  151  8:41  Muscular Augments  
  151  8:44  Roach  
  151  8:45  Roach  
  153  8:49  Drone x3  
  153  8:50  Drone x3  
  161  8:55  Roach  
  161  8:56  Roach x2  
  161  8:57  Hydralisk  
  165  9:08  Overseer  
  165  9:09  Hatchery  
  162  9:11  Spore Crawler x2, Queen  
  162  9:14  Roach  
  162  9:15  Roach  
  166  9:19  Roach x2  
  166  9:20  Overlord  
  166  9:22  Viper x2  
  176  9:24  Viper  
  176  9:30  Viper  
  176  9:35  Spore Crawler, Drone  
  176  9:37  Burrow, Roach x2  
  176  9:38  Roach x2  
  184  9:39  Tunneling Claws  
  184  9:45  Spine Crawler  
  184  9:46  Spine Crawler  
  184  9:49  Roach x4  
  184  9:52  Extractor  
  186  9:55  Zerg Ground Armor Level 2  
  186  9:57  Overlord  
  182  10:02  Roach x3  
  182  10:06  Overseer, Evolution Chamber  
  183  10:14  Overlord x3, Spire  
  179  10:20  Roach x5  
  188  10:21  Hydralisk  
  188  10:26  Queen  
  188  10:28  Hydralisk  
  191  10:29  Hydralisk  
  187  10:37  Hydralisk x4  
  193  10:45  Roach x4  
  196  10:53  Roach x7  
  190  10:58  Roach x2  
  190  11:03  Evolution Chamber  
  189  11:05  Evolution Chamber  
  189  11:06  Spine Crawler  
  189  11:10  Spore Crawler  
  189  11:11  Drone x3  
  187  11:12  Viper x2  
  187  11:13  Spore Crawler  
  187  11:14  Hydralisk x2, Roach x2  
  187  11:15  Drone  
  187  11:17  Roach  
  187  11:18  Roach  
  199  11:19  Drone x2  
  199  11:20  Roach x2  
  199  11:21  Roach  
  199  11:22  Roach x3  
  199  11:25  Zerg Missile Weapons Level 3  
  197  11:27  Infestor  
  197  11:32  Hydralisk x2  
  196  11:35  Greater Spire  
  196  11:36  Overlord x2  
  196  11:40  Pathogen Glands, Roach x4  
  196  11:42  Queen  
  186  11:50  Drone x3  
  186  11:51  Drone x5  
  186  11:52  Drone  
  191  11:55  Drone x2  
  191  11:56  Drone  
  191  11:59  Drone  
  191  12:00  Drone x2  
  180  12:04  Drone x2  
  180  12:05  Drone  
  180  12:08  Drone x2  
  183  12:09  Drone  
  183  12:10  Drone  
  185  12:15  Queen  
  183  12:23  Zerg Ground Armor Level 3  
  183  12:25  Drone x3  
  183  12:29  Infestor  
  176  12:32  Infestor  
  176  12:34  Infestor  
  176  12:36  Neural Parasite  
  182  12:37  Roach x3  
  182  12:38  Infestor x2  
  180  12:53  Hatchery  
  180  12:54  Overseer, Ravager x2  
  180  12:55  Ravager  
  180  12:56  Extractor  
  180  12:58  Hydralisk x4, Unknown x2  
  178  12:59  Hydralisk, Ravager x2  
  178  13:00  Extractor  
  178  13:04  Overseer  
  178  13:05  Overseer  
  187  13:06  Evolution Chamber  
  187  13:08  Evolution Chamber  
  185  13:15  Drone  
  185  13:18  Corruptor x3  
  184  13:37  Overseer  
  184  13:38  Spine Crawler x2  
  184  13:39  Spine Crawler, Corruptor x3  
  187  13:43  Zerg Flyer Armor Level 1  
  187  13:46  Drone x4  
  187  13:56  Queen  
  187  13:57  Queen  
  186  14:12  Infestor x4  
  186  14:15  Spire  
  186  14:16  Zerg Melee Weapons Level 1  
  193  14:19  Drone  
  193  14:20  Drone x4  
  193  14:24  Drone x4, Unknown  
  194  14:32  Spore Crawler  
  194  14:35  Spore Crawler, Corruptor x4, Extractor  
  194  14:36  Spore Crawler  
  196  14:38  Corruptor  
  196  14:39  Extractor  
  196  14:40  Queen  
  196  14:42  Queen  
  196  14:43  Roach x2  
  196  14:44  Roach x4  
  199  14:47  Unknown  
  199  14:49  Corruptor x4  
  192  14:54  Overlord  
  192  15:04  Brood Lord  
  196  15:09  Queen  
  196  15:10  Adrenal Glands, Queen  
  196  15:11  Queen  
  200  15:18  Evolution Chamber  
  198  15:23  Spine Crawler  
  198  15:28  Spine Crawler  
  195  15:34  Zerg Flyer Weapons Level 1, Evolution Chamber  
  192  15:35  Drone  
  192  15:36  Drone x5  
  192  15:37  Drone x2  
  192  15:38  Drone  
  192  15:42  Overseer x2  
  193  15:52  Drone x3  
  194  15:58  Overseer x2  
  194  16:03  Overseer  
  186  16:05  Overseer  
  184  16:17  Hydralisk x4, Corruptor x3  
  198  16:18  Roach x2  
  198  16:19  Roach  
  196  16:36  Hatchery  
  196  16:37  Zerg Flyer Armor Level 2  
  196  16:39  Zerg Melee Weapons Level 2  
  195  16:44  Hatchery  
  192  16:47  Corruptor x2  
  192  16:48  Corruptor  
  192  16:51  Hydralisk  
  196  17:10  Corruptor  
  198  17:29  Zerg Flyer Weapons Level 2  
  198  17:32  Hatchery  
  188  17:57  Spine Crawler  
  187  17:58  Spine Crawler  
  187  17:59  Drone, Spine Crawler  
  187  18:00  Drone x6  
  187  18:01  Drone x5  
  195  18:08  Spine Crawler  
  195  18:10  Spine Crawler  
  195  18:12  Spore Crawler  
  192  18:14  Corruptor x3  
  192  18:27  Corruptor x2  
  192  18:28  Brood Lord  
  198  18:39  Spore Crawler x3  
  195  18:41  Spore Crawler  
  195  18:42  Extractor  
  195  18:43  Corruptor, Extractor  
  195  18:44  Corruptor x2, Zergling x2  
  199  18:50  Spore Crawler  
  199  18:51  Spore Crawler  
  199  18:54  Infestor  
  199  19:00  Brood Lord  
  199  19:01  Hydralisk  
  196  19:24  Queen  
  191  19:29  Hydralisk x3, Brood Lord  
  199  19:32  Zerg Flyer Armor Level 3  
  199  19:38  Drone x3  
  194  19:39  Drone x3  
  194  19:40  Spore Crawler  
  194  19:42  Spine Crawler  
  195  19:46  Drone x3  
  195  19:47  Drone  
  198  20:05  Brood Lord x2  
  190  20:21  Corruptor  
  190  20:25  Unknown  
  190  20:28  Drone x3  
  178  20:30  Roach  
  172  20:39  Hydralisk  
  172  20:40  Hydralisk x11  
  190  20:45  Spore Crawler, Spine Crawler x2  
  190  20:46  Spore Crawler, Spine Crawler  
  190  20:48  Roach x2  
  189  20:53  Brood Lord  
  189  20:54  Corruptor x5  
  193  21:15  Roach  
  193  21:16  Roach x2, Spine Crawler x3  
  193  21:17  Spine Crawler  
  195  21:20  Spine Crawler  
  193  21:32  Roach x5, Hatchery  
  199  21:33  Drone  
  196  21:41  Roach  
  196  21:42  Roach x3  
  196  21:45  Overseer, Overlord x2  
  196  21:46  Overseer  
  200  21:47  Unknown  
  200  21:51  Hatchery  
  199  21:56  Roach x12, Infestor x2  
  199  21:58  Drone  
  199  21:59  Drone x6  
  199  22:00  Drone x2  
  190  22:12  Spore Crawler x2  
  190  22:15  Spore Crawler  
  177  22:17  Roach x3  
  177  22:19  Infestor x3  
  177  22:22  Drone x11  
  196  22:28  Roach  
  197  22:30  Roach  
  192  22:59  Evolution Chamber  
  192  23:00  Evolution Chamber  
Show
View Real Time Build Order
Export as new Build Order

Denver Zerg 

Build Orders:  

Get SALT Encoding   

  12  0:00  SCV  
  13  0:13  SCV  
  14  0:17  Supply Depot  
  14  0:25  SCV  
  15  0:28  Refinery  
  15  0:39  SCV  
  16  0:44  Barracks  
  16  0:51  SCV  
  17  1:03  SCV  
  18  1:15  SCV  
  19  1:32  Reaper  
  21  1:33  Orbital Command  
  20  1:42  Command Center  
  20  1:52  Factory  
  20  2:00  SCV  
  21  2:06  Barracks Reactor  
  21  2:08  Supply Depot  
  21  2:12  SCV  
  22  2:16  Refinery  
  22  2:24  SCV  
  23  2:36  SCV  
  24  2:41  Starport  
  24  2:46  Hellion x2  
  24  2:48  SCV  
  24  2:50  Barracks Tech Lab  
  29  2:55  Orbital Command  
  29  3:00  SCV  
  30  3:07  Hellion  
  30  3:09  Hellion  
  35  3:12  SCV  
  35  3:19  Viking  
  37  3:22  SCV  
  37  3:25  SCV  
  39  3:32  Supply Depot  
  39  3:33  Hellion  
  41  3:38  Hellion  
  43  3:42  SCV x2  
  45  3:54  SCV  
  46  3:56  Cloaking Field  
  46  4:00  Banshee  
  46  4:01  SCV  
  50  4:03  Supply Depot  
  50  4:06  SCV  
  50  4:08  Hellion x2  
  54  4:24  SCV x2  
  54  4:27  Supply Depot  
  56  4:36  SCV x2  
  58  4:38  Command Center  
  58  4:45  Armory  
  58  4:47  Banshee  
  58  4:49  Supply Depot, SCV  
  58  4:51  SCV  
  63  4:56  Hellion  
  63  4:58  Hellion  
  67  5:01  SCV  
  67  5:04  SCV  
  68  5:13  SCV  
  69  5:16  SCV  
  69  5:20  Refinery  
  69  5:22  Refinery  
  69  5:25  SCV  
  69  5:26  Hellion  
  69  5:28  SCV  
  74  5:30  Banshee  
  74  5:34  Terran Vehicle And Ship Armor Level 1  
  77  5:37  SCV  
  78  5:44  Supply Depot, SCV  
  78  5:46  Barracks Tech Lab  
  78  5:49  SCV  
  77  5:56  SCV  
  74  6:00  Hellion x2  
  74  6:01  Supply Depot  
  78  6:05  SCV  
  78  6:08  SCV  
  78  6:09  Supply Depot  
  80  6:16  Factory x2  
  80  6:17  Barracks Tech Lab  
  80  6:18  SCV  
  81  6:20  SCV, Banshee  
  81  6:24  Hellion  
  87  6:30  Orbital Command, SCV, Hyperflight Rotors  
  87  6:32  SCV  
  89  6:41  Supply Depot  
  89  6:42  Hellion, SCV  
  89  6:44  SCV  
  89  6:45  Hellion  
  96  6:54  SCV  
  96  6:56  SCV  
  96  6:57  SCV  
  98  7:03  Banshee  
  98  7:06  SCV  
  102  7:09  SCV x2  
  102  7:10  Cyclone  
  102  7:11  Cyclone  
  102  7:12  Mag-Field Accelerator  
  110  7:18  SCV  
  110  7:20  Refinery  
  110  7:21  Refinery, SCV x2  
  113  7:25  Supply Depot  
  113  7:26  Supply Depot  
  113  7:29  Hellion x2  
  117  7:30  SCV  
  117  7:33  SCV x2  
  120  7:42  Terran Vehicle And Ship Armor Level 2, SCV  
  121  7:45  Infernal Pre-Igniter, SCV x2  
  121  7:47  Banshee  
  121  7:49  Cyclone x2  
  132  7:52  Hellion  
  132  7:54  Hellion, SCV  
  132  7:58  SCV  
  138  8:04  Supply Depot x2, SCV  
  139  8:06  SCV  
  139  8:10  SCV  
  139  8:14  Command Center  
  139  8:18  SCV  
  138  8:20  Hellion  
  138  8:25  Supply Depot  
  138  8:26  Hellion  
  142  8:28  Supply Depot  
  142  8:29  Cyclone  
  142  8:30  Cyclone, Banshee  
  151  8:39  SCV  
  148  8:41  Supply Depot  
  148  8:43  Factory x2  
  148  8:47  Supply Depot  
  148  8:52  Hellion x2  
  148  8:53  Armory  
  148  9:04  Supply Depot  
  148  9:08  Siege Tank  
  148  9:09  Siege Tank  
  146  9:11  Supply Depot  
  146  9:13  Hellion x2  
  146  9:15  Banshee  
  146  9:17  SCV  
  154  9:18  SCV  
  155  9:28  Factory Reactor, Factory Tech Lab  
  155  9:33  Command Center  
  155  9:35  Hellion x2  
  159  9:39  Supply Depot, Engineering Bay  
  159  9:41  SCV  
  159  9:43  SCV  
  157  9:46  Terran Ship Weapons Level 1, Siege Tank  
  157  9:47  Siege Tank  
  157  9:48  Siege Tank  
  166  9:53  SCV x2  
  166  9:55  SCV  
  166  9:56  Hellion x2  
  173  10:04  Refinery  
  173  10:05  Refinery, SCV x2  
  173  10:06  Starport x2  
  166  10:09  Fusion Core  
  166  10:13  Planetary Fortress  
  160  10:14  SCV  
  160  10:17  SCV x2  
  159  10:24  Hellion  
  159  10:25  Hellion, Siege Tank  
  165  10:31  Starport Tech Lab  
  165  10:35  SCV  
  158  10:43  Missile Turret  
  141  10:53  Hellion x2, SCV  
  141  10:54  Hellion x2  
  141  10:55  Starport Tech Lab x2  
  140  10:59  Siege Tank  
  133  11:04  Siege Tank x2  
  133  11:05  Banshee  
  133  11:06  Missile Turret  
  142  11:15  Hellion x4, SCV  
  142  11:16  Battlecruiser  
  142  11:17  SCV  
  158  11:20  SCV  
  158  11:24  Supply Depot  
  153  11:29  Battlecruiser  
  153  11:33  SCV  
  153  11:34  Siege Tank  
  153  11:36  Siege Tank  
  153  11:37  Missile Turret  
  159  11:40  Siege Tank  
  159  11:44  SCV  
  159  11:46  Missile Turret  
  145  11:48  Missile Turret  
  145  11:49  Missile Turret  
  145  11:51  SCV  
  145  11:53  Battlecruiser  
  145  11:57  SCV  
  145  11:58  SCV  
  141  12:03  SCV  
  138  12:09  SCV  
  138  12:10  SCV  
  138  12:12  Missile Turret  
  140  12:20  Battlecruiser  
  138  12:23  SCV  
  138  12:27  SCV x2  
  135  12:35  SCV  
  135  12:36  SCV  
  135  12:39  SCV x2  
  135  12:43  Battlecruiser  
  143  12:47  SCV  
  143  12:48  SCV  
  139  12:51  Siege Tank  
  139  12:52  Hellion  
  139  12:57  Banshee  
  139  12:58  SCV x2  
  149  12:59  Missile Turret  
  149  13:03  SCV  
  150  13:07  Supply Depot  
  150  13:10  SCV  
  151  13:14  SCV  
  151  13:15  Weapon Refit  
  151  13:17  Siege Tank x2  
  158  13:20  Hellion  
  158  13:23  Siege Tank  
  158  13:24  SCV x2  
  158  13:26  SCV  
  166  13:28  SCV  
  166  13:29  Planetary Fortress  
  167  13:36  SCV x2  
  167  13:38  SCV  
  167  13:40  SCV  
  168  13:43  Battlecruiser  
  168  13:48  SCV  
  175  13:51  Missile Turret  
  175  13:58  Battlecruiser  
  175  14:00  Refinery x2  
  175  14:06  Hellion x4  
  174  14:24  Sensor Tower  
  174  14:27  Battlecruiser  
  174  14:29  Siege Tank x3  
  183  14:32  Missile Turret  
  183  14:34  Missile Turret x2, SCV  
  180  14:39  Terran Ship Weapons Level 2  
  180  14:42  Terran Vehicle And Ship Armor Level 3  
  173  14:47  Missile Turret  
  173  14:48  Neosteel Armor  
  173  14:58  Command Center  
  167  15:08  Missile Turret  
  167  15:14  Siege Tank  
  161  15:16  Command Center  
  161  15:17  Siege Tank  
  162  15:21  Siege Tank  
  162  15:23  Raven  
  162  15:33  Missile Turret  
  162  15:36  Starport  
  162  15:38  Starport  
  162  15:47  Battlecruiser  
  158  15:58  Command Center  
  149  16:12  Sensor Tower  
  149  16:15  Starport Tech Lab x2  
  155  16:18  Hellion x3  
  155  16:20  Missile Turret  
  155  16:21  Hellion  
  155  16:23  Missile Turret  
  157  16:30  Sensor Tower  
  157  16:38  Planetary Fortress  
  157  16:39  Raven  
  157  16:41  Refinery  
  157  16:44  Missile Turret  
  157  16:45  Missile Turret x2  
  149  16:49  Orbital Command  
  149  16:52  Siege Tank  
  154  17:01  Battlecruiser  
  154  17:12  Battlecruiser  
  160  17:18  Missile Turret  
  160  17:22  Missile Turret  
  157  17:28  Missile Turret  
  157  17:29  Planetary Fortress  
  157  17:33  SCV x2  
  157  17:34  SCV x2  
  154  17:38  Missile Turret  
  154  17:39  Missile Turret  
  154  17:45  SCV x2  
  149  17:51  Battlecruiser  
  149  17:52  Hellion x3  
  161  18:00  Cyclone x2  
  161  18:04  Cyclone  
  161  18:08  Missile Turret  
  160  18:26  Battlecruiser  
  160  18:29  Hellion  
  160  18:33  Cyclone, Hellion x2  
  167  18:45  Command Center  
  167  18:48  Battlecruiser  
  173  18:57  Cyclone x2  
  173  18:59  Hellion  
  181  19:05  Cyclone  
  181  19:06  Hellion x2  
  182  19:10  Battlecruiser  
  185  19:20  Hellion  
  185  19:23  Command Center  
  181  19:27  Hellion, Banshee  
  181  19:29  Banshee  
  186  19:31  Battlecruiser  
  184  19:38  Missile Turret  
  184  19:39  Cyclone, Hellion  
  184  19:40  Hellion  
  184  19:41  Hellion x2  
  184  19:45  SCV  
  176  19:57  SCV  
  176  19:58  Battlecruiser  
  177  20:01  Terran Ship Weapons Level 3  
  177  20:02  Hellion x3  
  179  20:09  SCV  
  171  20:14  Hellion  
  171  20:15  Cyclone  
  166  20:23  Hellion x2  
  166  20:24  Hellion  
  166  20:26  Battlecruiser  
  157  20:39  Cyclone x2, Barracks  
  157  20:42  Raven  
  158  20:45  Hellion x4  
  158  20:47  Cyclone  
  163  20:53  Missile Turret  
  163  20:54  Missile Turret  
  163  20:57  Battlecruiser  
  167  21:10  Battlecruiser  
  167  21:11  Cyclone  
  167  21:14  Hellion x2  
  170  21:19  Banshee  
  170  21:21  Cyclone  
  170  21:26  Hellion  
  170  21:30  Banshee  
  169  21:38  Cyclone  
  172  21:40  Hellion x2  
  172  21:41  Hellion  
  172  21:44  Cyclone  
  175  21:52  Refinery  
  175  21:53  Cyclone  
  178  21:54  Factory  
  178  21:55  Factory  
  178  21:56  Planetary Fortress  
  166  22:10  Cyclone  
  166  22:14  Hellion  
  139  22:38  Missile Turret x2  
Show
View Real Time Build Order
Export as new Build Order

Lambo Zerg 

Build Orders:  

Get SALT Encoding   

Show
View Real Time Build Order
Export as new Build Order

DnS Zerg 

Build Orders:  

Get SALT Encoding   

Show
View Real Time Build Order
Export as new Build Order

Reynor Terran 

Build Orders:  

Get SALT Encoding   

Show
View Real Time Build Order
Export as new Build Order

soul Terran 

Build Orders:  

Get SALT Encoding   

Show
View Real Time Build Order
Export as new Build Order

sweetpsycho Terran 

Build Orders:  

Get SALT Encoding   

Show
View Real Time Build Order
Export as new Build Order

Harstem Terran 

Build Orders:  

Get SALT Encoding   

Show
View Real Time Build Order
Export as new Build Order

Elazer Terran 

Build Orders:  

Get SALT Encoding   

Tags
 
Add a new tag
Caveats
  • Supply blocks, unpowered buildings, or Contaminate may cause inaccurate times.
  • Supply counts are checked every 10 seconds.